TOP OF THE 1ST |
Windy City ThunderBolts batting - Pitching for Hamilton Cardinals : RHP Ji-e Shuai
|
Pitching: RHP Ji-e Shuai
|
|
Batting: RHB Joe Thomas
|
0-0: Foul Ball, location: 2F 0-1: Ball 1-1: Ball 2-1: Fly out, F6 (Flyball, 6MD, EV 95.0 MPH)
|
Batting: SHB Danny Gallegos
|
0-0: Fly out, F9 (Line Drive, 89M, EV 92.5 MPH)
|
Batting: RHB Kaoru Hamada
|
0-0: Foul Ball, location: 2F 0-1: Ball 1-1: Ball 2-1: Called Strike 2-2: Ball 3-2: SINGLE (Groundball, 6MD, EV 94.4 MPH)
|
Batting: RHB Nhat Phong
|
0-0: Ball 1-0: Ground out 4-3 (Groundball, 4, EV 93.1 MPH)
|
Top of the 1st over - 0 runs, 1 hit, 0 errors, 1 left on base; Windy City 0 - Hamilton 0 |
BOTTOM OF THE 1ST |
Hamilton Cardinals batting - Pitching for Windy City ThunderBolts : RHP Chang-wei Quian
|
Pitching: RHP Chang-wei Quian
|
|
Batting: SHB Kelly Brooks
|
0-0: SOLO HOME RUN (Flyball, 9D, EV 101.2 MPH), Distance : 403 ft
|
Batting: LHB Rafael Banda
|
0-0: Ground out 4-3 (Groundball, 4, EV 99.4 MPH)
|
Batting: SHB J.T. Ready
|
0-0: Called Strike 0-1: Foul Ball, location: 2F 0-2: Foul Ball, location: 2F 0-2: Ball 1-2: Strikes out swinging
|
Batting: RHB Shou-feng Chang
|
0-0: Ball 1-0: Ball 2-0: Called Strike 2-1: Called Strike 2-2: Ball 3-2: Base on Balls
|
Batting: LHB Pete Mitchell
|
0-0: Ball 1-0: Foul Ball, location: 2F 1-1: Ground out 6-3 (Groundball, 6M, EV 100.6 MPH)
|
Bottom of the 1st over - 1 run, 1 hit, 0 errors, 1 left on base; Windy City 0 - Hamilton 1 |
TOP OF THE 2ND |
Windy City ThunderBolts batting - Pitching for Hamilton Cardinals : RHP Ji-e Shuai
|
Batting: RHB Paul Holland
|
0-0: Called Strike 0-1: Ball 1-1: Ground out 5-3 (Groundball, 56, EV 86.2 MPH)
|
Batting: RHB Miguel Pacheco
|
0-0: Ball 1-0: Ground out 4-3 (Groundball, 4, EV 85.0 MPH)
|
Batting: RHB Dave Dominguez
|
0-0: Foul Ball, location: 2F 0-1: Called Strike 0-2: Strikes out swinging
|
Top of the 2nd over - 0 runs, 0 hits, 0 errors, 0 left on base; Windy City 0 - Hamilton 1 |
BOTTOM OF THE 2ND |
Hamilton Cardinals batting - Pitching for Windy City ThunderBolts : RHP Chang-wei Quian
|
Batting: RHB Kyle Franken
|
0-0: Ball 1-0: Ball 2-0: Ball 3-0: Called Strike 3-1: Called Strike 3-2: SOLO HOME RUN (Flyball, 7D, EV 98.8 MPH), Distance : 357 ft
|
Batting: SHB Brad Meyer
|
0-0: Ball 1-0: Foul Ball, location: 2F 1-1: Fly out, F6 (Popup, 4MD, EV 46.2 MPH)
|
Batting: SHB Felipe Campanella
|
0-0: Foul Ball, location: 2F 0-1: Swinging Strike 0-2: Ball 1-2: Foul Ball, location: 2F 1-2: Foul Ball, location: 2F 1-2: Strikes out swinging
|
Batting: RHB Oscar Higareda
|
0-0: Swinging Strike 0-1: SINGLE (Groundball, 25, EV 66.9 MPH) (infield hit)
|
Batting: SHB Kelly Brooks
|
0-0: Called Strike Oscar Higareda steals 2nd base 0-1: Foul Ball, location: 2F 0-2: Fly out, F8 (Flyball, 8LXD, EV 95.6 MPH)
|
Bottom of the 2nd over - 1 run, 2 hits, 0 errors, 1 left on base; Windy City 0 - Hamilton 2 |
TOP OF THE 3RD |
Windy City ThunderBolts batting - Pitching for Hamilton Cardinals : RHP Ji-e Shuai
|
Batting: RHB Klaus Brown
|
0-0: Foul Ball, location: 2F 0-1: Ball 1-1: Swinging Strike 1-2: Foul Ball, location: 2F 1-2: Ball 2-2: Strikes out swinging
|
Batting: RHB Sim Damit
|
0-0: Ground out 6-3 (Groundball, 6, EV 81.2 MPH)
|
Batting: RHB Joe Thomas
|
0-0: Ground out 6-3 (Groundball, 6, EV 83.8 MPH)
|
Top of the 3rd over - 0 runs, 0 hits, 0 errors, 0 left on base; Windy City 0 - Hamilton 2 |
BOTTOM OF THE 3RD |
Hamilton Cardinals batting - Pitching for Windy City ThunderBolts : RHP Chang-wei Quian
|
Batting: LHB Rafael Banda
|
0-0: Ball 1-0: Called Strike 1-1: Ball 2-1: Ball 3-1: Swinging Strike 3-2: Base on Balls
|
Batting: SHB J.T. Ready
|
0-0: Ball 1-0: Called Strike 1-1: Foul Ball, location: 2F 1-2: Ball 2-2: Foul Ball, location: 2F 2-2: Ball 3-2: Fielders Choice at 2nd, 4-6 (Groundball, 4, EV 78.1 MPH)
|
Batting: RHB Shou-feng Chang
|
0-0: Ball 1-0: Fly out, F9 (Flyball, 9D, EV 95.0 MPH)
|
Batting: LHB Pete Mitchell
|
0-0: Swinging Strike 0-1: Ball 1-1: Fly out, F9 (Flyball, 9, EV 86.9 MPH)
|
Bottom of the 3rd over - 0 runs, 0 hits, 0 errors, 1 left on base; Windy City 0 - Hamilton 2 |
TOP OF THE 4TH |
Windy City ThunderBolts batting - Pitching for Hamilton Cardinals : RHP Ji-e Shuai
|
Batting: SHB Danny Gallegos
|
0-0: Called Strike 0-1: Ball 1-1: Called Strike 1-2: Strikes out looking
|
Batting: RHB Kaoru Hamada
|
0-0: Fly out, F7 (Line Drive, 7S, EV 85.6 MPH)
|
Batting: RHB Nhat Phong
|
0-0: Ball 1-0: Ball 2-0: Ball 3-0: Base on Balls
|
Batting: RHB Paul Holland
|
0-0: Fly out, F8 (Flyball, 8RXD, EV 105.6 MPH)
|
Top of the 4th over - 0 runs, 0 hits, 0 errors, 1 left on base; Windy City 0 - Hamilton 2 |
BOTTOM OF THE 4TH |
Hamilton Cardinals batting - Pitching for Windy City ThunderBolts : RHP Chang-wei Quian
|
Batting: RHB Kyle Franken
|
0-0: SINGLE (Groundball, 6MD, EV 109.4 MPH)
|
Batting: SHB Brad Meyer
|
0-0: Called Strike 0-1: Called Strike 0-2: Foul Ball, location: 2F 0-2: Ball 1-2: Foul Ball, location: 2F 1-2: Ball 2-2: Strikes out swinging
|
Batting: SHB Felipe Campanella
|
0-0: Called Strike 0-1: Ball 1-1: Ball 2-1: Fly out, F8 (Flyball, 8RD, EV 107.5 MPH)
|
Batting: RHB Oscar Higareda
|
0-0: Swinging Strike 0-1: Called Strike 0-2: Ball 1-2: Strikes out swinging
|
Bottom of the 4th over - 0 runs, 1 hit, 0 errors, 1 left on base; Windy City 0 - Hamilton 2 |
TOP OF THE 5TH |
Windy City ThunderBolts batting - Pitching for Hamilton Cardinals : RHP Ji-e Shuai
|
Batting: RHB Miguel Pacheco
|
0-0: Foul Ball, location: 2F 0-1: Ball 1-1: SOLO HOME RUN (Flyball, 7LD, EV 92.5 MPH), Distance : 329 ft
|
Batting: RHB Dave Dominguez
|
0-0: Ball 1-0: Called Strike 1-1: Ball 2-1: SINGLE (Groundball, 3D, EV 98.1 MPH)
|
Batting: RHB Klaus Brown
|
0-0: Fielders Choice at 2nd, 1-4 (Groundball, 25, EV 70.6 MPH)
|
Batting: RHB Sim Damit
|
0-0: Fly out, F9 (Flyball, 9S, EV 83.1 MPH)
|
Batting: RHB Joe Thomas
|
0-0: Ball 1-0: Ball 2-0: Called Strike 2-1: Ground out 4-3 (Groundball, 4, EV 103.8 MPH)
|
Top of the 5th over - 1 run, 2 hits, 0 errors, 1 left on base; Windy City 1 - Hamilton 2 |
BOTTOM OF THE 5TH |
Hamilton Cardinals batting - Pitching for Windy City ThunderBolts : RHP Chang-wei Quian
|
Batting: SHB Kelly Brooks
|
0-0: Fly out, F6 (Popup, 6, EV 53.1 MPH)
|
Batting: LHB Rafael Banda
|
0-0: Called Strike 0-1: Foul Ball, location: 2F 0-2: Strikes out swinging
|
Batting: SHB J.T. Ready
|
0-0: Called Strike 0-1: Foul Ball, location: 2F 0-2: Ball 1-2: Foul Ball, location: 2F 1-2: Foul Ball, location: 2F 1-2: Foul Ball, location: 2F 1-2: Ball 2-2: Foul Ball, location: 2F 2-2: Ground out 4-3 (Groundball, 4, EV 103.8 MPH)
|
Bottom of the 5th over - 0 runs, 0 hits, 0 errors, 0 left on base; Windy City 1 - Hamilton 2 |
TOP OF THE 6TH |
Windy City ThunderBolts batting - Pitching for Hamilton Cardinals : RHP Ji-e Shuai
|
Pitching: RHP Francisco Galindo
|
|
Batting: SHB Danny Gallegos
|
0-0: Ball 1-0: Called Strike 1-1: Called Strike 1-2: Strikes out looking
|
Batting: RHB Kaoru Hamada
|
0-0: Swinging Strike 0-1: Foul Ball, location: 2F 0-2: Foul Ball, location: 2F 0-2: Strikes out swinging
|
Pinch Hitting: RHB Donovan Deason
|
0-0: Called Strike 0-1: Called Strike 0-2: Ball 1-2: Ball 2-2: Strikes out swinging
|
Top of the 6th over - 0 runs, 0 hits, 0 errors, 0 left on base; Windy City 1 - Hamilton 2 |
BOTTOM OF THE 6TH |
Hamilton Cardinals batting - Pitching for Windy City ThunderBolts : RHP Chang-wei Quian
|
Now at 3B: Donovan Deason
|
|
Batting: RHB Shou-feng Chang
|
0-0: Ball 1-0: DOUBLE (Line Drive, 89D, EV 100.6 MPH)
|
Batting: LHB Pete Mitchell
|
0-0: Swinging Strike 0-1: Called Strike 0-2: Ball Wild Pitch! Shou-feng Chang to third 1-2: Foul Ball, location: 2F 1-2: Ball 2-2: Ball 3-2: Base on Balls
|
Batting: RHB Kyle Franken
|
0-0: Ball 1-0: Ball 2-0: Ball 3-0: Called Strike 3-1: Base on Balls Pete Mitchell to second
|
Batting: SHB Brad Meyer
|
0-0: Called Strike 0-1: Fly out, F8 (Line Drive, 8RD, EV 94.4 MPH) Runner from 3rd tags up, SCORES, throw by CF
|
Batting: SHB Felipe Campanella
|
0-0: Ball 1-0: Foul Ball, location: 2F 1-1: Swinging Strike 1-2: Ball Wild Pitch! Pete Mitchell to third Kyle Franken to second 2-2: Ball Wild Pitch! Pete Mitchell scores Kyle Franken to third 3-2: Foul Ball, location: 2F 3-2: Base on Balls
|
Pitching: RHP Frank Lankford
|
|
Batting: RHB Oscar Higareda
|
0-0: Called Strike Felipe Campanella steals 2nd base 0-1: Ball 1-1: Ball 2-1: Swinging Strike 2-2: Ball 3-2: Base on Balls
|
Batting: SHB Kelly Brooks
|
0-0: Swinging Strike 0-1: Ball 1-1: Called Strike 1-2: Strikes out looking
|
Batting: LHB Rafael Banda
|
0-0: Ball 1-0: Ball 2-0: GRAND SLAM HOME RUN (Flyball, 7LD, EV 93.8 MPH), Distance : 347 ft
|
Batting: SHB J.T. Ready
|
0-0: Ball 1-0: Ground out 6-3 (Groundball, 6M, EV 101.2 MPH)
|
Bottom of the 6th over - 6 runs, 2 hits, 0 errors, 0 left on base; Windy City 1 - Hamilton 8 |
TOP OF THE 7TH |
Windy City ThunderBolts batting - Pitching for Hamilton Cardinals : RHP Francisco Galindo
|
Batting: RHB Paul Holland
|
0-0: Called Strike 0-1: SOLO HOME RUN (Flyball, 9LD, EV 89.4 MPH), Distance : 339 ft
|
Batting: RHB Miguel Pacheco
|
0-0: Called Strike 0-1: Ball 1-1: Swinging Strike 1-2: Ball 2-2: Ball 3-2: Foul Ball, location: 2F 3-2: Strikes out swinging
|
Batting: RHB Dave Dominguez
|
0-0: Called Strike 0-1: Ball 1-1: Swinging Strike 1-2: Ball 2-2: Strikes out swinging
|
Batting: RHB Klaus Brown
|
0-0: Ball 1-0: SINGLE (Groundball, 56D, EV 103.8 MPH)
|
Pinch Hitting: RHB Ricky Avila
|
0-0: Fielders Choice at 2nd, U6 (Groundball, 6M, EV 82.5 MPH)
|
Top of the 7th over - 1 run, 2 hits, 0 errors, 1 left on base; Windy City 2 - Hamilton 8 |
BOTTOM OF THE 7TH |
Hamilton Cardinals batting - Pitching for Windy City ThunderBolts : RHP Frank Lankford
|
Now at 2B: Joe Thomas
|
|
Now at SS: Danny Gallegos
|
|
Now in LF: Ricky Avila
|
|
Batting: RHB Shou-feng Chang
|
0-0: Swinging Strike 0-1: SINGLE (Line Drive, 6MD, EV 103.8 MPH)
|
Batting: LHB Pete Mitchell
|
0-0: Ball 1-0: Foul Ball, location: 2F 1-1: Ball 2-1: Foul Ball, location: 2F 2-2: Reached on error, E4 (Groundball, 4, EV 88.1 MPH) Shou-feng Chang to second
|
Batting: RHB Kyle Franken
|
0-0: Ball 1-0: Ball 2-0: Ball 3-0: Called Strike 3-1: Base on Balls Shou-feng Chang to third Pete Mitchell to second
|
Pitching: RHP Brian Bronson
|
|
Batting: SHB Brad Meyer
|
0-0: Ball 1-0: GRAND SLAM HOME RUN (Line Drive, 9LD, EV 98.1 MPH), Distance : 358 ft
|
Batting: SHB Felipe Campanella
|
0-0: Swinging Strike 0-1: Foul Ball, location: 2F 0-2: Ball 1-2: Strikes out looking
|
Batting: RHB Oscar Higareda
|
0-0: Called Strike 0-1: Swinging Strike 0-2: Foul Ball, location: 2F 0-2: Strikes out swinging
|
Batting: SHB Kelly Brooks
|
0-0: Ball 1-0: Ball 2-0: Ball 3-0: Base on Balls
|
Batting: LHB Rafael Banda
|
0-0: Called Strike 0-1: Foul Ball, location: 2F 0-2: Ball 1-2: Ball 2-2: Strikes out swinging
|
Bottom of the 7th over - 4 runs, 2 hits, 1 error, 1 left on base; Windy City 2 - Hamilton 12 |
TOP OF THE 8TH |
Windy City ThunderBolts batting - Pitching for Hamilton Cardinals : RHP Francisco Galindo
|
Batting: RHB Joe Thomas
|
0-0: Ball 1-0: Ball 2-0: Foul Ball, location: 2F 2-1: Swinging Strike 2-2: Fly out, F7 (Flyball, 78M, EV 96.9 MPH)
|
Batting: SHB Danny Gallegos
|
0-0: Swinging Strike 0-1: Fly out, F9 (Flyball, 9LM, EV 81.9 MPH)
|
Batting: RHB Kaoru Hamada
|
0-0: Ball 1-0: Ground out 4-3 (Groundball, 4, EV 89.4 MPH)
|
Top of the 8th over - 0 runs, 0 hits, 0 errors, 0 left on base; Windy City 2 - Hamilton 12 |
BOTTOM OF THE 8TH |
Hamilton Cardinals batting - Pitching for Windy City ThunderBolts : RHP Brian Bronson
|
Batting: SHB J.T. Ready
|
0-0: Called Strike 0-1: Ball 1-1: Ball 2-1: Called Strike 2-2: Fly out, F7 (Flyball, 7D, EV 91.2 MPH)
|
Batting: RHB Shou-feng Chang
|
0-0: Called Strike 0-1: Ball 1-1: Ball 2-1: Ball 3-1: Called Strike 3-2: Ground out 4-3 (Groundball, 4, EV 77.5 MPH)
|
Batting: LHB Pete Mitchell
|
0-0: Ball 1-0: Ball 2-0: Called Strike 2-1: Ball 3-1: Fly out, F7 (Line Drive, 7S, EV 85.6 MPH)
|
Bottom of the 8th over - 0 runs, 0 hits, 0 errors, 0 left on base; Windy City 2 - Hamilton 12 |
TOP OF THE 9TH |
Windy City ThunderBolts batting - Pitching for Hamilton Cardinals : RHP Francisco Galindo
|
Batting: RHB Donovan Deason
|
0-0: Ball 1-0: Called Strike 1-1: Called Strike 1-2: Strikes out looking
|
Batting: RHB Eddie Dimas
|
0-0: Ground out 3-1 (Groundball, 34, EV 85.6 MPH)
|
Pinch Hitting: RHB Camillo Bonauiti
|
0-0: Foul Ball, location: 2F 0-1: Foul Ball, location: 2F 0-2: Strikes out looking
|
Top of the 9th over - 0 runs, 0 hits, 0 errors, 0 left on base; Windy City 2 - Hamilton 12 |
|